[Event "Titled Tuesday Blitz October 11 Early 2022"]
[White "Drozdowski, Kacper"]
[Black "Koziorowicz, Michal"]
[WhiteFideId "1136720"]
[BlackFideId "21809194"]
[WhiteElo "2485"]
[BlackElo "2220"]
[Result "1/2-1/2"]
[Round "08"]
[TimeControl "180+1"]
[Date "2022.10.11"]
[WhiteClock "0:00:09"]
[BlackClock "0:00:11"]

1. e4 c5 2. Nf3 d6 3. d4 cxd4 4. Nxd4 Nf6 5. f3 g6 6. c4 Bg7 7. Nc3 O-O 8. Be3 Nc6 9. Qd2 a5 10. Be2 a4 11. O-O Qa5 12. Rac1 Nxd4 13. Bxd4 Be6 14. Rc2 Rfc8 15. b3 axb3 16. axb3 Qb4 17. Rb1 Ra3 18. Nb5 Qxd2 19. Rxd2 Ra5 20. Kf2 Bd7 21. Nc3 Bc6 22. g4 Ra3 23. Rbb2 Nd7 24. Bxg7 Kxg7 25. Nb1 Ra1 26. Nc3 Ra3 27. Nb1 Ra1 28. Bd3 g5 29. Bc2 Ne5 30. Rd1 Rh8 31. Nc3 Ra3 32. Nb1 Ra1 33. Nc3 Rxd1 34. Nxd1 h5 35. gxh5 Rxh5 36. Kg2 f5 37. Ne3 f4 38. Nf5+ Kf6 39. h3 Bd7 40. Ra2 Rh8 41. Ra7 Bxf5 42. exf5 Rb8 43. Ra5 b6 44. Ra6 Nd7 45. b4 Ne5 46. c5 bxc5 47. bxc5 Rc8 48. Be4 Rxc5 49. Ra8 Nc4 50. Rf8+ Ke5 51. Rf7 Ne3+ 52. Kf2 d5 53. Rxe7+ Kd4 54. f6 dxe4 55. Rxe4+ Kd3 56. f7 Rc2+ 57. Kg1 Rc1+ 58. Kh2 Rc2+ 59. Kg1 Rc8 60. Re8 Rc1+ 61. Kh2 Rc2+ 62. Kg1 Rc1+ 63. Kh2 Rc2+ 64. Kg1 Rc1+ 1/2-1/2


[Site "https://www.chess.com"]

[Event "Titled Tuesday Blitz October 11 Early 2022"]
[White "Duda, Jan-Krzysztof"]
[Black "Yeletsky, Ivan"]
[WhiteFideId "1170546"]
[BlackFideId "24180327"]
[WhiteElo "2779"]
[BlackElo "2391"]
[Result "1-0"]
[Round "08"]
[TimeControl "180+1"]
[Date "2022.10.11"]
[WhiteClock "0:00:17"]
[BlackClock "0:00:01"]

1. d4 Nf6 2. c4 e6 3. Nf3 d5 4. g3 Bb4+ 5. Bd2 Be7 6. Bg2 O-O 7. O-O c6 8. Qc2 Nbd7 9. Rd1 Ne4 10. Be1 f5 11. a3 Rf7 12. Nfd2 Bf6 13. Nxe4 fxe4 14. Nc3 Bg5 15. f3 Be3+ 16. Bf2 Bxf2+ 17. Kxf2 Qg5 18. Kg1 Nf6 19. f4 Qh5 20. h3 Qg6 21. g4 Nxg4 22. hxg4 Rxf4 23. e3 Rxg4 24. Rf1 Bd7 25. Qf2 h6 26. Ne2 Kh7 27. Nf4 Qg5 28. Nh3 Qg6 29. Kh2 Rf8 30. Qe2 Rf5 31. Rxf5 exf5 32. cxd5 cxd5 33. Rc1 Qd6+ 34. Kh1 g5 35. Qf2 Rh4 36. Kg1 f4 37. Nxf4 Bg4 38. Nxd5 Qh2+ 39. Kf1 Bf3 40. Bxf3 exf3 41. Rc7+ Kg6 42. Qxf3 Qxb2 43. Qf7# 1-0


[Site "https://www.chess.com"]

[Event "Titled Tuesday Blitz October 11 Early 2022"]
[White "Dwilewicz, Katarzyna"]
[Black "Skliarov, Viktor"]
[WhiteFideId "1148486"]
[BlackFideId "14106736"]
[WhiteElo "2023"]
[BlackElo "2284"]
[Result "0-1"]
[Round "08"]
[TimeControl "180+1"]
[Date "2022.10.12"]
[WhiteClock "0:00:04"]
[BlackClock "0:00:16"]

1. e4 c5 2. Nf3 Nc6 3. c3 Nf6 4. e5 Nd5 5. d4 cxd4 6. cxd4 d6 7. Bc4 dxe5 8. dxe5 Nb6 9. Qxd8+ Nxd8 10. Bb5+ Bd7 11. Nc3 e6 12. Be3 Bb4 13. Bxd7+ Nxd7 14. Ke2 Bxc3 15. bxc3 Nc6 16. Rab1 b6 17. Bf4 h6 18. h4 Ke7 19. Rhd1 Rhc8 20. Rd6 Na5 21. Rbd1 Rc7 22. R6d3 Rac8 23. Ne1 Nc5 24. Rd4 Nc6 25. Rc4 Na5 26. Rcd4 Ke8 27. g3 Na6 28. Bd2 Nb8 29. Rg4 Kf8 30. Ra4 Nbc6 31. f4 Ne7 32. Nd3 Nd5 33. Rc1 Nxc3+ 34. Bxc3 Rxc3 35. Rxc3 Rxc3 36. Kd2 Rc7 37. Rd4 Ke7 38. Nb4 Rd7 39. Kd3 Rxd4+ 40. Kxd4 Kd7 41. g4 Nc6+ 42. Nxc6 Kxc6 43. a4 a6 44. f5 g6 45. fxg6 fxg6 46. Kc4 b5+ 47. axb5+ axb5+ 48. Kd4 Kb6 49. h5 g5 50. Kc3 Kc5 0-1


[Site "https://www.chess.com"]

[Event "Titled Tuesday Blitz October 11 Early 2022"]
[White "Gabdrakhmanov, Azat"]
[Black "Papasimakopoulos, Alexandros"]
[WhiteFideId "34189197"]
[BlackFideId "4244125"]
[WhiteElo "2233"]
[BlackElo "2357"]
[Result "0-1"]
[Round "08"]
[TimeControl "180+1"]
[Date "2022.10.11"]
[WhiteClock "0:00:15"]
[BlackClock "0:01:24"]

1. e4 e6 2. d3 d5 3. Nd2 c5 4. Ngf3 Nc6 5. g3 g6 6. Bg2 Bg7 7. O-O Nge7 8. Re1 b6 9. Qe2 a5 10. Nf1 Ba6 11. e5 b5 12. h4 h6 13. N1h2 b4 14. Ng4 Nf5 15. c3 a4 16. a3 bxc3 17. bxc3 O-O 18. Bf4 Rb8 19. Nf6+ Bxf6 20. exf6 Qxf6 21. Ne5 Nfe7 22. Nd7 Qxc3 23. Nxb8 Nxb8 24. Bxh6 Rc8 25. Rac1 Qxd3 26. Qe5 Nf5 27. Bf4 Nd7 28. Qa1 Qd4 29. Qxd4 Nxd4 30. Rb1 Bd3 31. Rb7 Nf6 32. Be5 Ng4 33. Bxd4 cxd4 34. Rd1 Be2 35. Rxd4 Rc1+ 36. Bf1 Rxf1+ 37. Kg2 Rxf2+ 38. Kg1 Rf1+ 39. Kg2 Ne3+ 40. Kh2 Bf3 41. g4 Be4 42. Rxa4 Rf2+ 43. Kg3 Rf3+ 44. Kh2 Nxg4+ 45. Kg1 Re3 46. Kf1 Bf3 47. Ra8+ Kg7 48. Raa7 Ne5 49. Kf2 Rc3 50. a4 d4 51. a5 Bxb7 52. Rxb7 Rf3+ 53. Ke2 Ra3 54. Rb5 Ra2+ 55. Kd1 Nc4 0-1


[Site "https://www.chess.com"]

[Event "Titled Tuesday Blitz October 11 Early 2022"]
[White "Gabrielian, Artur"]
[Black "Andreikin, Dmitry"]
[WhiteFideId "4131002"]
[BlackFideId "4158814"]
[WhiteElo "2432"]
[BlackElo "2736"]
[Result "0-1"]
[Round "08"]
[TimeControl "180+1"]
[Date "2022.10.11"]
[WhiteClock "0:00:04"]
[BlackClock "0:00:17"]

1. e4 e5 2. Nf3 Nc6 3. Bc4 Bc5 4. d3 Nf6 5. Bg5 h6 6. Bh4 d6 7. c3 a6 8. a4 Ba7 9. Nbd2 g5 10. Bg3 Qe7 11. O-O h5 12. h4 Nh7 13. Kh1 Bg4 14. b4 Qf6 15. b5 Ne7 16. d4 Ng6 17. dxe5 dxe5 18. bxa6 bxa6 19. hxg5 Nxg5 20. Be2 h4 21. Bh2 h3 22. g3 Bxf3+ 23. Bxf3 Rd8 24. Bg4 Qc6 25. Qe2 Rxd2 26. Qxd2 Nxe4 27. Bf3 Qc4 28. Qa2 Qd3 29. Be2 Qxc3 30. Qd5 Qd4 31. Qc6+ Kf8 32. Rad1 Nxf2+ 33. Rxf2 Qxf2 34. Bc4 e4 35. Qxe4 Kg7 36. Rf1 Qg2+ 37. Qxg2 hxg2+ 38. Kxg2 Ne5 39. Bxa6 Rb8 40. Bg1 Rb2+ 41. Kh3 Bxg1 42. Rxg1 f5 43. Rc1 Ng4 44. Kh4 Kg6 45. Rc6+ Nf6 46. Kh3 Kg5 47. Rxc7 Ng4 48. Rg7+ Kh5 0-1


[Site "https://www.chess.com"]

[Event "Titled Tuesday Blitz October 11 Early 2022"]
[White "Goryachkina, Aleksandra"]
[Black "Urazayev, Arystanbek"]
[WhiteFideId "4147103"]
[BlackFideId "13709810"]
[WhiteElo "2484"]
[BlackElo "2441"]
[Result "0-1"]
[Round "08"]
[TimeControl "180+1"]
[Date "2022.10.11"]
[WhiteClock "0:00:02"]
[BlackClock "0:01:33"]

1. e4 e5 2. Nf3 Nc6 3. d4 exd4 4. Bc4 Bc5 5. Ng5 Nh6 6. Nxf7 Nxf7 7. Bxf7+ Kxf7 8. Qh5+ g6 9. Qxc5 d5 10. O-O dxe4 11. c3 Qd6 12. Qg5 h6 13. Qh4 Bf5 14. cxd4 Nxd4 15. Nc3 g5 16. Qh5+ Bg6 17. Qd1 Rhe8 18. Be3 c5 19. b4 Rad8 20. bxc5 Qxc5 21. Rc1 Qc4 22. Qe1 Ne6 23. f3 exf3 24. Rxf3+ Kg7 25. Qf2 Nd4 26. Rf6 Nf5 27. Rxg6+ Kxg6 28. Rf1 Rf8 29. Bc5 Ne3 30. Bxf8 Qxf1+ 31. Qxf1 Nxf1 32. Be7 Rd7 33. Bc5 b6 0-1


[Site "https://www.chess.com"]

[Event "Titled Tuesday Blitz October 11 Early 2022"]
[White "Gulevich, Artem"]
[Black "Jiganchine, Roman"]
[WhiteFideId "24119580"]
[BlackFideId "2603667"]
[WhiteElo "2218"]
[BlackElo "2305"]
[Result "1-0"]
[Round "08"]
[TimeControl "180+1"]
[Date "2022.10.12"]
[WhiteClock "0:01:56"]
[BlackClock "0:00:57"]

1. Nf3 d5 2. b3 Bf5 3. Bb2 c6 4. e3 h6 5. Be2 e6 6. O-O Nf6 7. d4 Be7 8. Nbd2 Bh7 9. c4 Nbd7 10. a3 a5 11. Bc3 O-O 12. b4 a4 13. Qc1 Rc8 14. Qb2 dxc4 15. Nxc4 Ne4 16. Be1 Bf6 17. Nfe5 b5 18. Nxd7 Qxd7 19. Nb6 Qd6 20. Nxc8 Rxc8 21. f3 Ng5 22. h4 e5 23. hxg5 Bxg5 24. dxe5 Bxe3+ 25. Bf2 Bxf2+ 26. Rxf2 Qe6 27. Bf1 1-0


[Site "https://www.chess.com"]

[Event "Titled Tuesday Blitz October 11 Early 2022"]
[White "Halkias, Stelios"]
[Black "Ovchinnikov, Vsevolod"]
[WhiteFideId "4201809"]
[BlackFideId "24176842"]
[WhiteElo "2453"]
[BlackElo "2376"]
[Result "1/2-1/2"]
[Round "08"]
[TimeControl "180+1"]
[Date "2022.10.12"]
[WhiteClock "0:00:16"]
[BlackClock "0:00:25"]

1. Nf3 Nf6 2. c4 g6 3. Nc3 d5 4. cxd5 Nxd5 5. h4 Bg7 6. e4 Nxc3 7. dxc3 Qxd1+ 8. Kxd1 Bg4 9. Kc2 Nd7 10. Be3 Nf6 11. Nd2 Be6 12. f3 a6 13. a4 h5 14. Bc4 Bxc4 15. Nxc4 Nd7 16. a5 O-O-O 17. Bg5 Bf6 18. Rad1 Bxg5 19. hxg5 Nc5 20. Ne5 Rhf8 21. Rxd8+ Kxd8 22. Rf1 Ke8 23. b4 Ne6 24. f4 Rg8 25. g3 f6 26. gxf6 exf6 27. Nf3 Kf7 28. e5 f5 29. Rd1 Ke7 30. Rh1 Kf7 31. c4 Rd8 32. Kc3 Rd7 33. b5 Nc5 34. Ng5+ Ke7 35. Kb4 Nd3+ 36. Kc3 Nc5 37. Kb4 Nd3+ 38. Kc3 Nc5 1/2-1/2


[Site "https://www.chess.com"]

[Event "Titled Tuesday Blitz October 11 Early 2022"]
[White "Hansen, Eric"]
[Black "Jobava, Baadur"]
[WhiteFideId "2606771"]
[BlackFideId "13601520"]
[WhiteElo "2568"]
[BlackElo "2582"]
[Result "0-1"]
[Round "08"]
[TimeControl "180+1"]
[Date "2022.10.11"]
[WhiteClock "0:00:01"]
[BlackClock "0:00:06"]

1. e4 e6 2. d4 d5 3. Nd2 Bd7 4. Ngf3 dxe4 5. Nxe4 Bc6 6. Bd3 Nd7 7. O-O Ngf6 8. Re1 Nxe4 9. Bxe4 Bxe4 10. Rxe4 c6 11. c3 Be7 12. h4 O-O 13. Qb3 Nf6 14. Re2 Qc7 15. Bg5 h6 16. Bxf6 Bxf6 17. Rae1 a5 18. a4 Rfd8 19. Re4 Rd5 20. g3 b5 21. Nh2 h5 22. Nf1 Rb8 23. Ne3 Rdd8 24. Qc2 b4 25. Qd1 g6 26. g4 bxc3 27. bxc3 Bxh4 28. gxh5 Bxf2+ 29. Kxf2 Qh2+ 30. Kf3 Rb2 31. Re2 Qxh5+ 32. Kf2 Qh2+ 33. Ng2 Rxe2+ 34. Qxe2 Rd5 35. Re5 Qh1 36. Qe1 Qh3 37. Nf4 Qh2+ 38. Kf3 Rd8 39. Rxe6 fxe6 40. Qxe6+ Kf8 41. Qf6+ Ke8 42. Qe6+ Kf8 43. Nxg6+ Kg7 44. Qe7+ Kxg6 45. Qxd8 Qh3+ 46. Ke2 Qxc3 47. Qd6+ Kf5 48. Qe5+ Kg6 49. Qe4+ Kf6 50. Qe5+ Kf7 51. Qf5+ Ke7 52. Qe5+ Kd7 53. Qf5+ Kc7 54. Qe5+ Kb7 55. Qe7+ Ka6 56. Qd6 Qc4+ 57. Ke3 Qxa4 58. Qc7 Qc4 59. Qb8 a4 60. Qa8+ Kb5 61. Qb7+ Ka5 62. Qa7+ Kb4 63. Qb6+ Kc3 64. Qa7 Kb2 65. Qb6+ Qb3+ 0-1


[Site "https://www.chess.com"]

[Event "Titled Tuesday Blitz October 11 Early 2022"]
[White "Heinemann, Josefine"]
[Black "Johnson, Ben"]
[WhiteFideId "12900460"]
[BlackFideId "2010917"]
[WhiteElo "2300"]
[BlackElo "2219"]
[Result "1-0"]
[Round "08"]
[TimeControl "180+1"]
[Date "2022.10.12"]
[WhiteClock "0:00:28"]
[BlackClock "0:00:01"]

1. d4 Nf6 2. c4 e6 3. Nf3 d5 4. Nc3 Bb4 5. Bg5 h6 6. Bxf6 Qxf6 7. e3 O-O 8. Qb3 c5 9. cxd5 exd5 10. dxc5 Bxc3+ 11. Qxc3 Qxc3+ 12. bxc3 Nd7 13. Rd1 Nf6 14. Nd4 Bd7 15. Bd3 Rac8 16. Rb1 Rb8 17. Kd2 Rfc8 18. f3 Rxc5 19. Rb3 b6 20. Ra3 Rb7 21. Rb1 Rbc7 22. h4 Kf8 23. g4 Ke7 24. g5 hxg5 25. hxg5 Ne8 26. Rh1 Nd6 27. Rh7 Kf8 28. Rh8+ Ke7 29. Ra8 a5 30. Rb3 Ba4 31. Rxb6 Rxc3 32. Rxa5 Bd7 33. Rxd5 Nc4+ 34. Bxc4 R3xc4 35. Re5+ Kd8 36. Rb8+ Rc8 37. Rxc8+ Kxc8 38. Ra5 Kd8 39. f4 Ke7 40. Ra7 Rc5 41. a4 Rc4 42. a5 Ra4 43. Ke2 Ra2+ 44. Kf3 Kd6 45. f5 Ba4 46. Rxf7 Bd1+ 47. Kg3 Rxa5 48. Rxg7 Ra3 49. Kf4 Ra2 50. g6 Rf2+ 51. Kg5 Ke5 52. Re7+ Kd5 53. g7 Rg2+ 54. Kf6 Ba4 55. Ne6 Rg1 56. Ng5 1-0


[Site "https://www.chess.com"]

[Event "Titled Tuesday Blitz October 11 Early 2022"]
[White "Horak, Martin"]
[Black "Ovezdurdyyeva, Jemal"]
[WhiteFideId "367095"]
[BlackFideId "14001888"]
[WhiteElo "2091"]
[BlackElo "1961"]
[Result "1-0"]
[Round "08"]
[TimeControl "180+1"]
[Date "2022.10.12"]
[WhiteClock "0:00:04"]
[BlackClock "0:00:28"]

1. e4 d6 2. d4 Nf6 3. Nc3 g6 4. Nf3 c6 5. Bg5 Bg7 6. Qd2 b5 7. Bh6 Bxh6 8. Qxh6 b4 9. Nd1 Nxe4 10. Qg7 Rf8 11. Bd3 Nf6 12. O-O Rg8 13. Qh6 Qb6 14. Re1 Be6 15. Ng5 Qxd4 16. Nxe6 fxe6 17. Rxe6 Nbd7 18. a3 Ne5 19. Rxf6 exf6 20. Qxh7 Qd5 21. Qb7 Rd8 22. axb4 Qf7 23. Qa6 Nxd3 24. Qxd3 Kf8 25. Qd4 Rd7 26. Ne3 Kg7 27. h4 Rh8 28. g3 Rh5 29. Ra6 c5 30. bxc5 dxc5 31. Qc3 Re5 32. Kh2 Kh7 33. Ng4 Rf5 34. Nxf6+ Kh6 35. Ng4+ Kh5 36. Ne3 Rxf2+ 37. Ng2 Qf3 38. Qh8+ Kg4 39. Rxg6+ Kf5 40. Rf6+ Ke4 41. Qe8+ Kd4 42. Rxf3 1-0


[Site "https://www.chess.com"]

[Event "Titled Tuesday Blitz October 11 Early 2022"]
[White "Ianov, Viktor"]
[Black "Arabidze, Meri"]
[WhiteFideId "14102730"]
[BlackFideId "13604040"]
[WhiteElo "2152"]
[BlackElo "2403"]
[Result "0-1"]
[Round "08"]
[TimeControl "180+1"]
[Date "2022.10.12"]
[WhiteClock "0:00:47"]
[BlackClock "0:00:09"]

1. Nf3 c5 2. g3 g6 3. Bg2 Bg7 4. c4 Nc6 5. Nc3 d6 6. O-O e5 7. d3 Nge7 8. Bg5 f6 9. Bd2 O-O 10. a3 a5 11. Rb1 Kh8 12. Ne1 f5 13. Nc2 f4 14. b4 axb4 15. axb4 cxb4 16. Nxb4 Bg4 17. h3 Be6 18. Nbd5 Rb8 19. e3 f3 20. Bxf3 Bxh3 21. Bg2 Qd7 22. Nxe7 Nxe7 23. Ne4 Bxg2 24. Kxg2 d5 25. cxd5 Nxd5 26. Qb3 Nf6 27. Bb4 Nxe4 28. Bxf8 Nd2 29. Bxg7+ Qxg7 30. Qd5 Nxf1 31. Kxf1 Qc7 32. Rb5 Kg7 33. Qxe5+ Qxe5 34. Rxe5 b5 35. Ke2 b4 36. Kd1 b3 37. Kc1 Rc8+ 38. Kb1 Rc2 39. f4 Rg2 40. Re7+ Kg8 41. g4 Rxg4 42. Kb2 h5 43. Kxb3 h4 44. Rc7 Rg3 45. Rc1 Rxe3 46. Kc4 h3 47. Kd4 Re2 48. Rh1 h2 49. Kc4 Kf7 50. d4 Ke6 51. d5+ Kd6 52. Kd3 Rg2 53. Ke4 Rf2 54. Ke3 Ra2 55. Ke4 Rb2 56. Kd4 Rb4+ 57. Ke3 Kxd5 58. Kf3 Rb2 59. Kg3 Ke4 60. Rxh2 Rxh2 61. Kxh2 Kxf4 62. Kg2 Kg4 63. Kf2 Kf4 64. Kg2 Kg4 65. Kh2 Kf3 66. Kg1 Kg3 67. Kf1 g5 68. Kg1 g4 69. Kh1 Kf2 70. Kh2 g3+ 0-1


[Site "https://www.chess.com"]

[Event "Titled Tuesday Blitz October 11 Early 2022"]
[White "Ibarra Jerez, Jose Carlos"]
[Black "Bortnyk, Olexandr"]
[WhiteFideId "2226332"]
[BlackFideId "14120828"]
[WhiteElo "2627"]
[BlackElo "2723"]
[Result "1-0"]
[Round "08"]
[TimeControl "180+1"]
[Date "2022.10.11"]
[WhiteClock "0:00:13"]
[BlackClock "0:00:04"]

1. e3 d5 2. Nf3 Bf5 3. c4 e6 4. Qb3 b6 5. Nd4 Bxb1 6. Rxb1 c6 7. cxd5 exd5 8. Qc3 Qd7 9. Bd3 Nf6 10. Bf5 Qb7 11. b4 Bd6 12. O-O O-O 13. d3 Qe7 14. Bh3 Qc7 15. g3 a5 16. b5 c5 17. Nf5 Be5 18. d4 cxd4 19. Qxc7 Bxc7 20. exd4 Re8 21. Ba3 Nbd7 22. Rbc1 Ra7 23. Rfe1 Rxe1+ 24. Rxe1 g6 25. Ne7+ Kg7 26. Bxd7 Nxd7 27. Nxd5 Bd8 28. Re8 Bf6 29. Nxf6 Kxf6 30. Bd6 Kf5 31. f3 g5 32. g4+ Kg6 33. Kf2 Nf6 34. Rb8 Nd5 35. Rd8 Nc3 36. d5 Nxb5 37. Be5 f6 38. Bb2 Kf7 39. a4 Nc7 40. Rd7+ Ke8 41. Rxh7 Nb5 42. Rh8+ Kf7 43. axb5 Kg6 44. Rf8 a4 45. Rxf6+ Kh7 46. Rxb6 a3 47. Bd4 Ra4 48. Bf6 a2 49. Ra6 Rb4 50. Rxa2 Rxb5 51. Rd2 Kg6 52. Be5 Kf7 53. Bc7 Ke7 54. d6+ Kd7 55. Re2 Rd5 56. Re7+ Kc6 57. Rf7 Rd2+ 58. Kg3 Rd1 59. Rf5 Rg1+ 60. Kf2 Rh1 61. Kg2 Rd1 62. Rxg5 Rd2+ 63. Kg3 Rd1 64. h4 Rg1+ 65. Kf4 Rh1 66. h5 Rd1 67. Rf5 Kd7 68. Kg5 Ke6 69. h6 Rh1 70. Kg6 Kd7 71. Rh5 Rf1 72. h7 Rxf3 73. h8=Q 1-0


[Site "https://www.chess.com"]

[Event "Titled Tuesday Blitz October 11 Early 2022"]
[White "Ilkhomi, Jaloliddin"]
[Black "Hristodoulou, Panagiotis"]
[WhiteFideId "14700948"]
[BlackFideId "4214340"]
[WhiteElo "2045"]
[BlackElo "2272"]
[Result "1-0"]
[Round "08"]
[TimeControl "180+1"]
[Date "2022.10.12"]
[WhiteClock "0:01:51"]
[BlackClock "0:01:22"]

1. d4 Nf6 2. Nf3 e6 3. Bf4 d5 4. e3 c5 5. Nbd2 Nc6 6. c3 Bd6 7. Bg3 O-O 8. Bd3 Qc7 9. dxc5 Bxg3 10. hxg3 e5 11. e4 Be6 12. exd5 Bxd5 13. Ng5 h6 14. Nge4 Nxe4 15. Bxe4 Rad8 16. Qc2 Bxe4 17. Nxe4 f5 18. Nd6 e4 19. O-O-O Ne5 20. Kb1 Qxc5 21. Nxb7 Qb6 22. Nxd8 Rxd8 23. Qb3+ 1-0


[Site "https://www.chess.com"]

[Event "Titled Tuesday Blitz October 11 Early 2022"]
[White "Indjic, Aleksandar"]
[Black "Torres Boch, Jose Francisco"]
[WhiteFideId "911925"]
[BlackFideId "2278383"]
[WhiteElo "2592"]
[BlackElo "2073"]
[Result "1-0"]
[Round "08"]
[TimeControl "180+1"]
[Date "2022.10.12"]
[WhiteClock "0:02:29"]
[BlackClock "0:02:04"]

1. e4 e5 2. Nf3 Nc6 3. d4 exd4 4. Bc4 Bc5 5. Ng5 Nh6 6. Nxf7 Nxf7 7. Bxf7+ Kxf7 8. Qh5+ Kg8 9. Qxc5 Qe7 10. Qxe7 Nxe7 11. O-O d5 12. Re1 dxe4 13. Rxe4 Nc6 14. Re8+ 1-0


[Site "https://www.chess.com"]

[Event "Titled Tuesday Blitz October 11 Early 2022"]
[White "Janaszak, Dawid"]
[Black "Hajiyev, Kanan"]
[WhiteFideId "1119206"]
[BlackFideId "13404148"]
[WhiteElo "2226"]
[BlackElo "2118"]
[Result "1-0"]
[Round "08"]
[TimeControl "180+1"]
[Date "2022.10.12"]
[WhiteClock "0:00:15"]
[BlackClock "0:00:04"]

1. e4 c6 2. d4 d5 3. exd5 cxd5 4. Bd3 Nc6 5. c3 Qc7 6. Ne2 Nf6 7. O-O Bg4 8. Qe1 Bxe2 9. Qxe2 e6 10. Nd2 Bd6 11. Nf3 O-O 12. Bg5 Ne7 13. Ne5 Ng6 14. f4 Rfe8 15. Rae1 a6 16. h4 Nf8 17. h5 h6 18. Bh4 N6h7 19. Qg4 f6 20. Ng6 Nxg6 21. Qxg6 Nf8 22. Qg4 Qf7 23. Re2 b5 24. Rfe1 f5 25. Qf3 Rec8 26. a3 Rab8 27. Rf1 a5 28. g4 b4 29. gxf5 exf5 30. cxb4 axb4 31. a4 Re8 32. a5 Rxe2 33. Qxe2 Re8 34. Qf3 Re4 35. Bxe4 dxe4 36. Qe2 Qd5 37. a6 Ne6 38. a7 Nxd4 39. Qa6 Qa8 40. Qxd6 Qxa7 41. Kg2 Nf3 42. Qe6+ Kh8 43. Qe8+ Kh7 44. Bf2 1-0


[Site "https://www.chess.com"]

[Event "Titled Tuesday Blitz October 11 Early 2022"]
[White "Jean Louis, Marckens"]
[Black "Azadaliyev, Jahandar"]
[WhiteFideId "11900270"]
[BlackFideId "13425811"]
[WhiteElo "2030"]
[BlackElo "2204"]
[Result "0-1"]
[Round "08"]
[TimeControl "180+1"]
[Date "2022.10.12"]
[WhiteClock "0:01:25"]
[BlackClock "0:01:51"]

1. d4 Nf6 2. c4 e6 3. Nc3 Bb4 4. Qc2 O-O 5. e4 d5 6. cxd5 exd5 7. e5 Ne4 8. Bd3 c5 9. a3 cxd4 10. axb4 dxc3 11. bxc3 Nc6 12. Nf3 Bg4 13. Bf4 Bxf3 14. gxf3 Qh4 15. Bg3 Nxg3 16. fxg3 Qh5 17. f4 d4 18. b5 Ne7 19. c4 Rac8 20. O-O Nd5 21. Bxh7+ Kh8 22. Qf5 Qxf5 23. Bxf5 Rxc4 24. Rxa7 Ne3 25. Bh3 Nxf1 26. Bxf1 Rc1 27. Rxb7 Rd8 28. Rxf7 d3 29. e6 Rxf1+ 30. Kxf1 d2 31. e7 d1=Q+ 32. Kf2 Rd2+ 33. Ke3 Qe2# 0-1


[Site "https://www.chess.com"]

[Event "Titled Tuesday Blitz October 11 Early 2022"]
[White "Kaganskiy, Gleb"]
[Black "Fajdetic, Hrvoje"]
[WhiteFideId "4132025"]
[BlackFideId "14501945"]
[WhiteElo "2165"]
[BlackElo "2172"]
[Result "0-1"]
[Round "08"]
[TimeControl "180+1"]
[Date "2022.10.12"]
[WhiteClock "0:01:55"]
[BlackClock "0:02:23"]

1. e4 c5 2. Nf3 a6 3. c3 d5 4. exd5 Qxd5 5. d4 Bg4 6. Be2 Nf6 7. h3 Bh5 8. O-O e6 9. Be3 Nbd7 10. dxc5 Bxc5 11. Qxd5 Nxd5 12. Bxc5 Nxc5 13. g3 Na4 14. b3 Naxc3 15. Nxc3 Nxc3 16. Rfe1 Nxe2+ 17. Rxe2 Bxf3 0-1


[Site "https://www.chess.com"]

[Event "Titled Tuesday Blitz October 11 Early 2022"]
[White "Kamsky, Gata"]
[Black "Pakleza, Zbigniew"]
[WhiteFideId "2000024"]
[BlackFideId "1119290"]
[WhiteElo "2666"]
[BlackElo "2411"]
[Result "0-1"]
[Round "08"]
[TimeControl "180+1"]
[Date "2022.10.11"]
[WhiteClock "0:00:01"]
[BlackClock "0:00:05"]

1. e4 d6 2. d4 Nf6 3. Nc3 c6 4. f4 Qb6 5. Nf3 Bg4 6. e5 Nd5 7. Nxd5 cxd5 8. c3 Nc6 9. Be2 e6 10. Qb3 Be7 11. Qxb6 axb6 12. O-O O-O 13. Bd3 g6 14. h3 Bf5 15. Bxf5 gxf5 16. g4 fxg4 17. hxg4 b5 18. Bd2 dxe5 19. Nxe5 Nxe5 20. fxe5 f6 21. exf6 Rxf6 22. Rxf6 Bxf6 23. Rf1 Kg7 24. a3 Kg6 25. Kg2 Re8 26. Bf4 Rf8 27. Rf3 Be7 28. Kg3 Bd8 29. Rf2 Bf6 30. Re2 Re8 31. Rh2 Bg7 32. Rh5 Ra8 33. Be5 Bh6 34. Rh2 Rf8 35. Rh1 Re8 36. Rf1 Rf8 37. Bf4 Bg5 38. Rf3 Be7 39. Re3 Kf7 40. Bh6 Rg8 41. Rf3+ Kg6 42. Bf4 Rf8 43. Re3 Kf7 44. g5 Rg8 45. Kg4 h6 46. Re5 Bd6 47. Re2 Bxf4 48. Kxf4 Rxg5 49. Kf3 Kf6 50. Rh2 h5 51. Kf4 Rg4+ 52. Kf3 Kg5 53. Re2 Re4 54. Rg2+ Rg4 55. Re2 Rf4+ 56. Kg3 Re4 57. Rf2 h4+ 58. Kh3 Re3+ 59. Kh2 Kg4 60. Rg2+ Rg3 61. Rf2 Re3 62. Rg2+ Kf4 63. Rg7 Re2+ 64. Kh3 Rxb2 65. Rxb7 Rb3 66. Kxh4 Ke4 67. Rb6 Kd3 68. Rxe6 Kxc3 69. Kg5 Kxd4 70. Kf4 Rxa3 0-1


[Site "https://www.chess.com"]

[Event "Titled Tuesday Blitz October 11 Early 2022"]
[White "Kodinets, Konstantin L."]
[Black "Saucey, Michel"]
[WhiteFideId "4122011"]
[BlackFideId "601845"]
[WhiteElo "2447"]
[BlackElo "2253"]
[Result "1-0"]
[Round "08"]
[TimeControl "180+1"]
[Date "2022.10.12"]
[WhiteClock "0:00:02"]
[BlackClock "0:00:03"]

1. d4 d5 2. Nf3 e6 3. Bf4 Nf6 4. Nbd2 Bd6 5. e3 O-O 6. Bd3 c5 7. c3 Bxf4 8. exf4 b6 9. O-O Ba6 10. Bxa6 Nxa6 11. h3 Qd6 12. g3 Nc7 13. Qe2 g6 14. Rad1 a5 15. a3 Rad8 16. Qe3 Qe7 17. Rfe1 Kg7 18. Kg2 Rfe8 19. Ne5 Rc8 20. g4 h6 21. Nf1 Nb5 22. Ng3 Nd6 23. Re2 Nde4 24. f3 Nxg3 25. Kxg3 Qc7 26. h4 Rcd8 27. Red2 Rc8 28. Rh1 Rcd8 29. h5 Rh8 30. hxg6 fxg6 31. Rdh2 Ng8 32. Qd3 Ne7 33. Re1 Rdf8 34. Qb5 g5 35. fxg5 hxg5 36. Rxh8 Rxh8 37. Qd7 Qxd7 38. Nxd7 cxd4 39. Rxe6 Kf7 40. Rf6+ Ke8 41. Ne5 dxc3 42. bxc3 Rh1 43. Rxb6 Kd8 44. Nf7+ Kd7 45. Nxg5 Rc1 46. Ra6 Rxc3 47. Rxa5 d4 48. Ne4 Re3 49. Nf6+ Ke6 50. Nh5 d3 51. Nf4+ Kf7 52. Ra4 d2 53. Rd4 Rxa3 54. Rxd2 Ra1 55. Rd6 Ra3 56. Nd5 Ng6 57. Rf6+ Kg7 58. Rf5 Rd3 59. Nf4 Ra3 60. Rg5 1-0


[Site "https://www.chess.com"]

[Event "Titled Tuesday Blitz October 11 Early 2022"]
[White "Krysa, Leandro"]
[Black "Martinez Alcantara, Jose Eduardo"]
[WhiteFideId "116807"]
[BlackFideId "3805662"]
[WhiteElo "2486"]
[BlackElo "2703"]
[Result "0-1"]
[Round "08"]
[TimeControl "180+1"]
[Date "2022.10.11"]
[WhiteClock "0:00:01"]
[BlackClock "0:00:42"]

1. b4 d5 2. Bb2 Nf6 3. e3 Bf5 4. Nf3 e6 5. b5 Be7 6. c4 O-O 7. cxd5 exd5 8. Be2 a6 9. a4 axb5 10. axb5 Rxa1 11. Bxa1 c5 12. bxc6 bxc6 13. O-O c5 14. d3 Nc6 15. Nbd2 Qa8 16. Ne5 Nb4 17. Qb3 Rb8 18. Qc3 Na2 19. Qc2 Nb4 20. Qc3 Rb7 21. e4 Be6 22. exd5 Nfxd5 23. Qc1 Ra7 24. Bf3 Bg5 25. Bb2 f6 26. Nec4 Nxd3 27. Qc2 N5b4 28. Qc3 Qd8 29. Ne4 Bf4 30. Nxc5 Nxc5 31. Qxb4 Nd3 32. Qc3 Nxb2 33. Nxb2 Be5 34. Qb4 Rd7 35. Nc4 Rd4 36. Be2 Qc7 37. Rc1 Bxh2+ 38. Kf1 Bf4 0-1


[Site "https://www.chess.com"]

[Event "Titled Tuesday Blitz October 11 Early 2022"]
[White "Krzywda, Andrzej"]
[Black "Hartikainen, Jarmo"]
[WhiteFideId "1114565"]
[BlackFideId "503134"]
[WhiteElo "2149"]
[BlackElo "2156"]
[Result "0-1"]
[Round "08"]
[TimeControl "180+1"]
[Date "2022.10.12"]
[WhiteClock "0:00:05"]
[BlackClock "0:00:07"]

1. d4 Nf6 2. c4 g6 3. Nc3 d5 4. cxd5 Nxd5 5. e4 Nxc3 6. bxc3 Bg7 7. Bc4 O-O 8. Be3 c5 9. Ne2 Nd7 10. O-O a6 11. h4 e6 12. h5 b5 13. Bb3 Bb7 14. Ng3 c4 15. Bc2 f5 16. hxg6 f4 17. Qh5 hxg6 18. Qxg6 Qf6 19. Qh5 fxe3 20. fxe3 Qh6 21. e5 Qxh5 22. Nxh5 Rxf1+ 23. Rxf1 Rf8 24. Re1 Bh6 25. a4 Bc6 26. axb5 axb5 27. Bd1 Bg5 28. Bg4 Re8 29. Kf2 Bd5 30. e4 Bc6 31. Kf3 Kf7 32. Ng3 Ra8 33. Rh1 Ra3 34. Ne2 b4 35. d5 exd5 36. Rh7+ Kg8 37. Rxd7 Bxd7 38. Bxd7 b3 39. Be6+ Kf8 40. Bxd5 b2 41. Nd4 b1=Q 42. Ne6+ Ke7 43. Nxg5 Rxc3+ 44. Kg4 Qd1+ 45. Kf5 Qf1+ 46. Nf3 Qxg2 47. Kf4 Qxf3+ 48. Kg5 Qg3+ 49. Kf5 Rc2 50. Bxc4 Rf2# 0-1


[Site "https://www.chess.com"]